 Dungeon Sprint DCSS version 0.29.1-4-g47bece8355 (webtiles) character file.

Game seed: 10742891682373904707

27368 boopmooplesden the Executioner (level 13, 0/219 HPs)
             Began as a Minotaur Berserker on Dec 7, 2022.
             Was the Champion of Trog.
             Engulfed by Lom Lobon's freezing vapour (4 damage)
             ... in the Dungeon (Sprint I: "Red Sonja").
             The game lasted 00:13:56 (7651 turns).

boopmooplesden the Executioner (Minotaur Berserker) Turns: 7651, Time: 00:13:56

Health: 0/219      AC: 25    Str: 34    XL:     13   Next: 4%
Magic:  0/12       EV: 12    Int:  4    God:    Trog [******]
Gold:   1718       SH:  5    Dex: 14    Spells: 12/12 levels left

rFire   + . .      SeeInvis .   s - +8 battleaxe of the Wary Thickets {flame, rElec rCorr Dex-2}
rCold   + . .      Faith    .   (shield currently unavailable)
rNeg    + . .      Spirit   .   u - +0 gold dragon scales of Reig Cue {Contam rPois rF+ rC+ rN+ Str+4 Stlth+}
rPois   +          Reflect  +   (helmet restricted)
rElec   +          Harm     .   r - +2 cloak {Will+}
rCorr   +          Rampage  .   j - +1 pair of gloves
Will    +....      NoTele   +   h - +0 pair of boots {Stlth+}
Stlth   ..........              o - amulet of Waoxat {Reflect Dex+7 SH+5 Stlth+}
HPRegen 0.46/turn               l - ring "Kadarase" {Fly Str+6}
MPRegen 0.13/turn               (no ring)

@: berserking, flying, very quick
A: horns 2, retaliatory headbutt, clumsy 1, deformed body, deterioration 1, weak
1
a: Renounce Religion, Berserk, Trog's Hand, Brothers in Arms


You were in the Dungeon.
You worshipped Trog.
Trog was exalted by your worship.
You visited 1 branch You collected 5028 gold pieces.
You spent 3310 gold pieces at shops.

Inventory:

Hand Weapons
 a - a +0 hand axe
 b - the +8 battleaxe of Perfectionism {vorpal, rPois rN+ Str-4 Dex+4}
   (Trog gifted it to you in the Dungeon)

   It inflicts extra damage upon your enemies.
   Str:       It affects your strength (-4).
   Dex:       It affects your dexterity (+4).
   rPois:     It protects you from poison.
   rN:        It protects you from negative energy.
 c - a +3 vorpal executioner's axe
 s - the +8 battleaxe of the Wary Thickets (weapon) {flame, rElec rCorr Dex-2}
   (Trog gifted it to you in the Dungeon)

   It burns those it strikes, dealing additional fire damage.
   Big, fiery blades are also staple armaments of hydra-hunters.
   Dex:       It affects your dexterity (-2).
   rElec:     It insulates you from electricity.
   rCorr:     It protects you from acid and corrosion.
Armour
 h - a +0 pair of boots of stealth (worn)
 j - a +1 pair of gloves (worn)
 m - a +4 chain mail of positive energy
 r - a +2 cloak of willpower (worn)
 u - the +0 gold dragon scales of Reig Cue (worn) {Contam rPois rF+ rC+ rN+ Str+4 Stlth+}
   (You bought it in a shop in the Dungeon)

   Str:       It affects your strength (+4).
   rF:        It protects you from fire.
   rC:        It protects you from cold.
   rPois:     It protects you from poison.
   rN:        It protects you from negative energy.
   Contam:    It causes magical contamination when unequipped.
   Stlth:     It makes you more stealthy.
Jewellery
 l - the ring "Kadarase" (left hand) {Fly Str+6}
   (You bought it in a shop in the Dungeon)

   [ring of flight]

   Str:       It affects your strength (+6).
   Fly:       It grants you flight.
 o - the amulet of Waoxat (around neck) {Reflect Dex+7 SH+5 Stlth+}
   (You bought it in a shop in the Dungeon)

   [amulet of reflection]

   It reflects blocked missile attacks.
   Dex:       It affects your dexterity (+7).
   SH:        It affects your SH (+5).
   Stlth:     It makes you more stealthy.
 p - an amulet of faith
Wands
 d - a wand of charming (1)
 i - a wand of acid (12)
Scrolls
 v - a scroll of magic mapping
 w - a scroll of enchant armour
 y - a scroll of identify
Potions
 e - a potion of haste
 f - 2 potions of magic
 g - a potion of berserk rage
 k - 2 potions of flight {unknown}
 n - 2 potions of lignification {unknown}
 q - 3 potions of curing
 t - a potion of ambrosia {unknown}
 z - 2 potions of heal wounds
 A - a potion of cancellation {unknown}
Miscellaneous
 x - a tin of tremorstones (inert)


   Skills:
 + Level 22.6 Fighting
 + Level 24.6 Axes
 + Level 20.1 Armour
 + Level 10.2 Dodging
 + Level 2.5 Stealth
 + Level 5.6 Shields


You had 12 spell levels left.
You didn't know any spells.
Your spell library was empty.

Dungeon Overview and Level Annotations

Branches:
Dungeon (1/1)

Altars:
Cheibriados
Dithmenos
Elyvilon
Fedhas
Gozag
Hepliaklqana
Kikubaaqudgha
Makhleb
Nemelex Xobeh
Okawaru
Qazlal
Ru
Sif Muna
Trog
Uskayaw
Vehumet
Wu Jian
Xom
Yredelemnul
Zin
The Shining One
Jiyva
Lugonu

Shops:
D [*=:**!*((([*:!=[[*[?*

Annotations:
D Lom Lobon


Innate Abilities, Weirdness & Mutations

You have a pair of horns on your head.
You reflexively headbutt those who attack you in melee.
You are clumsy. (Dex -2)
Armour fits poorly on your strangely shaped body.
Your body sometimes deteriorates upon taking damage.
You are weak. (Str -2)


Message History

You carve Lom Lobon like a ham!!! You burn Lom Lobon!
Your headbutt misses Lom Lobon.
Lom Lobon is lightly wounded.
You are engulfed in freezing vapours.
You resist.
You closely miss Lom Lobon. Your headbutt misses Lom Lobon.
Lom Lobon is lightly wounded.
You are engulfed in whirling frost.
You miss Lom Lobon.
Lom Lobon is lightly wounded.
You are engulfed in whirling frost.
Lom Lobon gestures at you.
Lom Lobon conjures a mighty blast of ice!
The great icy blast engulfs you!!! You partially resist.
You slice Lom Lobon!! You burn Lom Lobon. Your headbutt misses Lom Lobon.
Lom Lobon is moderately wounded.
You are engulfed in freezing vapours.
You resist.
You slash Lom Lobon!
Lom Lobon is moderately wounded.
You are engulfed in freezing vapours.
You resist.
* * * LOW HITPOINT WARNING * * *
x2 Lom Lobon gestures at you.
Lom Lobon conjures a mighty blast of ice!
The great icy blast engulfs you!!! You partially resist.
* * * LOW HITPOINT WARNING * * *
You slice Lom Lobon!! You burn Lom Lobon.
Lom Lobon is moderately wounded.
You are engulfed in freezing vapours.
You resist.
You chop Lom Lobon into pieces!!! You burn Lom Lobon!
Your headbutt misses Lom Lobon.
Lom Lobon is heavily wounded.
You are engulfed in freezing vapours.
You resist.
* * * LOW HITPOINT WARNING * * *
The ice encasing you melts away. Lom Lobon hits you.
* * * LOW HITPOINT WARNING * * *
You feel your power leaking away.
You miss Lom Lobon. You headbutt Lom Lobon!
Lom Lobon is heavily wounded.
You are engulfed in freezing vapours.
You resist.
You die...

#.....#..###$#..≈.##'#§...##,,,*
###''##.##..$#..≈##....§§.§##,,*
##..###..#+###§§≈#.§§).§..§.#,,*
###..###.).#☼☼§§##§§...§.§§§##,*
..#.°#.###)#.§§§#......§§§...#,*
○....°...#)###§§#.....)......#,*
○....°°..#.#.§§§##..........##,*
.°..°.####'#.##&##..........#,,*
#...###....#.#§§@##........##,,*
#####...####.#§§°§##).:...##,,,*
......###°○*.#§§§§§########,,,,*
..#####○○°○####§~§§#~~~~~*,,,,,*
.##,,○○○...#..#§○~§☼~~.~~',,,,,*
##,,^○.°&.,#...##☼☼#○~~~~*~~~,,*
#,,,,○○...^#....######'#****~~~*
#****°^.e^,#....#~~~~~~≈~~~**~~*
≈≈~,*..°○,,######*~~~~~~~~~~~~~*


You could see Lom Lobon (vortex, corroded).

Vanquished Creatures
  the Lernaean hydra (D)
  A golden dragon (D)
  A shadow dragon (D)
  4 fire giants (D)
  A lorocyproca (D)
  A deep elf annihilator (D)
  A mummy priest (D)
  A hydra (D)
  2 centaur warriors (D)
  A deep troll (D)
  A lindwurm (D)
  8 shining eyes (D)
  2 oklob plants (D)
  2 merfolk sirens (D)
  2 gargoyles (D)
  7 unseen horrors (D)
  4 demonic crawlers (D)
  2 kobold demonologists (D)
  A hellwing (D)
  5 hornets (D)
  A slime creature (D)
  Sigmund (D)
  A yak (D)
  13 hogs (D)
  2 redbacks (D)
  7 floating eyes (D)
  An ogre (D)
  7 necrophages (D)
  8 jellies (D)
  Ijyb (D)
  A ball lightning (D)
91 creatures vanquished.

Vanquished Creatures (collateral kills)
  Sonja (D)
1 creature vanquished.

Vanquished Creatures (others)
  A deep elf master archer (D)
  2 ballistomycete spores (D)
3 creatures vanquished.

Grand Total: 95 creatures vanquished

Notes
Turn   | Place    | Note
-------+----------+-------------------------------------------
     0 | D        | boopmooplesden the Minotaur Berserker began the quest for
                  | the Orb.
     0 | D        | Reached XP level 1. HP: 19/19 MP: 0/0
     1 | D        | Noticed Ijyb
     6 | D        | Killed Ijyb
     7 | D        | Reached skill level 5 in Fighting
     7 | D        | Reached skill level 5 in Axes
     7 | D        | Reached XP level 2. HP: 29/29 MP: 1/1
   149 | D        | Noticed an ogre
   153 | D        | Killed an ogre
   154 | D        | Reached skill level 7 in Axes
   154 | D        | Reached XP level 3. HP: 35/40 MP: 2/2
   154 | D        | Reached XP level 4. HP: 42/48 MP: 3/3
   364 | D        | Noticed Sigmund
   380 | D        | Killed Sigmund
   380 | D        | Reached ** piety under Trog
   381 | D        | Reached skill level 10 in Axes
   381 | D        | Reached skill level 5 in Armour
   381 | D        | Reached XP level 5. HP: 50/58 MP: 4/4
   381 | D        | Reached XP level 6. HP: 57/66 MP: 5/5
   567 | D        | Found a burning altar of Makhleb.
   567 | D        | Found a viscous altar of Jiyva.
   567 | D        | Found a shimmering altar of Xom.
   567 | D        | Found a corrupted altar of Lugonu.
   567 | D        | Noticed a slime creature
   575 | D        | Killed a slime creature
   576 | D        | Reached skill level 11 in Axes
   576 | D        | Reached skill level 5 in Dodging
   640 | D        | Noticed a kobold demonologist
   641 | D        | Noticed a kobold demonologist
   642 | D        | Noticed a floating eye
   644 | D        | Killed a floating eye
   645 | D        | Reached skill level 12 in Axes
   645 | D        | Reached XP level 7. HP: 75/75 MP: 6/6
   648 | D        | Killed a kobold demonologist
   648 | D        | Reached *** piety under Trog
   649 | D        | Reached skill level 13 in Axes
   649 | D        | Reached skill level 1 in Stealth
   650 | D        | Killed a kobold demonologist
   651 | D        | Reached XP level 8. HP: 86/86 MP: 7/7
   699 | D        | Found an ornate altar of the Wu Jian Council.
   699 | D        | Found a shimmering blue altar of Sif Muna.
   701 | D        | Found a radiant altar of Vehumet.
   734 | D        | Found Hacer's Book Emporium.
   734 | D        | Found an ancient bone altar of Kikubaaqudgha.
   734 | D        | Found a hazy altar of Hepliaklqana.
   734 | D        | Found a hide-covered altar of Uskayaw.
   734 | D        | Found a basalt altar of Yredelemnul.
   734 | D        | Found an opulent altar of Gozag.
   734 | D        | Found a snail-covered altar of Cheibriados.
   734 | D        | Found a sacrificial altar of Ru.
   734 | D        | Found a shadowy altar of Dithmenos.
   743 | D        | Reached **** piety under Trog
   744 | D        | Reached skill level 14 in Axes
   744 | D        | Found a stormy altar of Qazlal.
   744 | D        | Found a blossoming altar of Fedhas.
   744 | D        | Found a bloodstained altar of Trog.
   744 | D        | Found an iron altar of Okawaru.
   744 | D        | Found a glowing golden altar of the Shining One.
   744 | D        | Found a glowing silver altar of Zin.
   744 | D        | Found a white marble altar of Elyvilon.
   745 | D        | Found a sparkling altar of Nemelex Xobeh.
  1137 | D        | Noticed a centaur warrior
  1137 | D        | Noticed a centaur warrior
  1146 | D        | Killed a centaur warrior
  1147 | D        | Reached skill level 15 in Axes
  1148 | D        | Killed a centaur warrior
  1149 | D        | Reached skill level 15 in Fighting
  1149 | D        | Reached XP level 9. HP: 69/97 MP: 8/8
  1341 | D        | Noticed a deep troll
  1350 | D        | Killed a deep troll
  1351 | D        | Reached skill level 16 in Axes
  1351 | D        | Reached skill level 10 in Armour
  1362 | D        | Found Fenemmui's Armour Emporium.
  1370 | D        | Bought a +4 chain mail of positive energy for 342 gold
                  | pieces
  1705 | D        | Noticed an oklob plant
  1711 | D        | Killed an oklob plant
  1763 | D        | Reached ***** piety under Trog
  1812 | D        | Reached skill level 17 in Axes
  1824 | D        | Reached XP level 10. HP: 108/108 MP: 9/9
  1827 | D        | Identified the +8 battleaxe of Perfectionism {vorpal, rPois
                  | rN+ Str-4 Dex+4} (Trog gifted it to you in the Dungeon)
  1827 | D        | Received a gift from Trog
  2163 | D        | Reached ****** piety under Trog
  2163 | D        | Received a gift from Trog
  2289 | D        | Found Xieragha's Assorted Antiques.
  2289 | D        | Found Hariewne's Distillery.
  2289 | D        | Found Viagill's Antique Weapon Boutique.
  2291 | D        | Found Azxodu Poa's Weapon Emporium.
  2291 | D        | Found Saisuon's Weapon Shop.
  2291 | D        | Found Povvise's Armour Shoppe.
  2291 | D        | Found Gujegu Petoxt's Assorted Antiques.
  2291 | D        | Found Oqoim's Book Emporium.
  2291 | D        | Found Ceimu's Distillery.
  2291 | D        | Found Hasoimot's Jewellery Shoppe.
  2295 | D        | Found Tiylouts's Antique Armour Boutique.
  2296 | D        | Found Louvyuf's General Store.
  2296 | D        | Found Nugali's Armour Boutique.
  2297 | D        | Found Ruth's Magic Scroll Emporium.
  2298 | D        | Bought a +0 pair of gloves for 45 gold pieces
  2308 | D        | Bought a glowing cloak for 180 gold pieces
  2319 | D        | Bought the amulet of Waoxat {Reflect Dex+7 SH+5 Stlth+} for
                  | 654 gold pieces
  2389 | D        | Noticed a gargoyle
  2392 | D        | Reached skill level 18 in Axes
  2393 | D        | Killed a gargoyle
  2439 | D        | Noticed Sonja
  2467 | D        | Killed Sonja
  2467 | D        | Received a gift from Trog
  2875 | D        | Found Jivyrisa's Armour Boutique.
  2985 | D        | Noticed a shining eye
  2985 | D        | Noticed a shining eye
  2985 | D        | Noticed a shining eye
  2985 | D        | Noticed a shining eye
  2985 | D        | Noticed a shining eye
  2985 | D        | Noticed a shining eye
  2987 | D        | Gained mutation: Armour fits poorly on your strangely
                  | shaped body. [a shining eye]
  2988 | D        | Gained mutation: Your body sometimes deteriorates upon
                  | taking damage. [a shining eye]
  2992 | D        | Killed a shining eye
  2992 | D        | Gained mutation: You are weak. (Str -2) [a shining eye]
  2993 | D        | Reached skill level 19 in Axes
  2995 | D        | Killed a shining eye
  2996 | D        | Reached XP level 11. HP: 121/121 MP: 10/10
  2999 | D        | Killed a shining eye
  2999 | D        | Killed a shining eye
  3000 | D        | Noticed a shining eye
  3000 | D        | Noticed a shining eye
  3000 | D        | Gained mutation: You are clumsy. (Dex -2) [a shining eye]
  3004 | D        | Killed a shining eye
  3004 | D        | Killed a shining eye
  3004 | D        | Received a gift from Trog
  3005 | D        | Reached skill level 20 in Axes
  3005 | D        | Reached skill level 1 in Shields
  3009 | D        | Killed a shining eye
  3015 | D        | Killed a shining eye
  3163 | D        | Found Meuwilys's Assorted Antiques.
  3163 | D        | Found Isay's General Store.
  3163 | D        | Found Piptim Obeny's General Store.
  3163 | D        | Found Naisurio's Jewellery Emporium.
  3172 | D        | Bought the ring "Kadarase" {Fly Str+6} for 519 gold pieces
  3180 | D        | Bought a +2 cloak of willpower for 215 gold pieces
  3234 | D        | Noticed a lindwurm
  3241 | D        | Killed a lindwurm
  3242 | D        | Reached skill level 15 in Armour
  3242 | D        | Reached skill level 10 in Dodging
  3512 | D        | Killed a lorocyproca
  3513 | D        | Reached skill level 21 in Axes
  4606 | D        | Received a gift from Trog
  4617 | D        | Identified the +8 battleaxe of the Wary Thickets {flame,
                  | rElec rCorr Dex-2} (Trog gifted it to you in the Dungeon)
  4617 | D        | Received a gift from Trog
  4668 | D        | Noticed a 12-headed hydra
  4670 | D        | Killed a ten-headed hydra
  4671 | D        | Reached skill level 22 in Axes
  4671 | D        | Received a gift from Trog
  5203 | D        | Bought the +0 gold dragon scales of Reig Cue {Contam rPois
                  | rF+ rC+ rN+ Str+4 Stlth+} for 1355 gold pieces
  5590 | D        | Noticed a daeva
  5838 | D        | Reached XP level 12. HP: 96/134 MP: 11/11
  6136 | D        | Noticed a fire giant
  6151 | D        | Killed a fire giant
  6152 | D        | Noticed a fire giant
  6160 | D        | Killed a fire giant
  6263 | D        | Noticed a fire giant
  6270 | D        | Killed a fire giant
  6270 | D        | Received a gift from Trog
  6270 | D        | Noticed a fire giant
  6271 | D        | Reached skill level 23 in Axes
  6276 | D        | Killed a fire giant
  6609 | D        | Noticed a deep elf annihilator
  6628 | D        | Noticed a mummy priest
  6630 | D        | Killed a deep elf annihilator
  6630 | D        | Received a gift from Trog
  6833 | D        | Killed a mummy priest
  7154 | D        | Noticed a shadow dragon
  7154 | D        | Noticed a golden dragon
  7162 | D        | Killed a shadow dragon
  7163 | D        | Reached skill level 24 in Axes
  7168 | D        | Killed a golden dragon
  7168 | D        | Received a gift from Trog
  7169 | D        | Reached skill level 5 in Shields
  7236 | D        | Found Gam Mipa's General Store.
  7292 | D        | Noticed the 27-headed Lernaean hydra
  7300 | D        | Killed the 24-headed Lernaean hydra
  7301 | D        | Reached XP level 13. HP: 73/146 MP: 12/12
  7628 | D        | Noticed Lom Lobon
  7630 | D        | Noticed a deep elf master archer
  7637 | D        | Killed a deep elf master archer
  7648 | D        | HP: 9/219 [Lom Lobon/great icy blast (42)]
  7650 | D        | HP: 4/219 [Lom Lobon (3)]
  7651 | D        | Engulfed by Lom Lobon's freezing vapour

Illustrated notes

Levels and vault maps discovered:
D:        dungeon_sprint_1 [red_sonja_temple_1, red_sonja_temple_small_1]

Skill      XL: |  1  2  3  4  5  6  7  8  9 10 11 12 |
---------------+-------------------------------------+-----
Fighting       | 5 7 9 11 13 15 16 18 20 22 | 22.6
Axes           | 5 7 10 12 13 15 17 19 22 24 | 24.6
Armour         | 3 4 5 6 7 9 11 14 16 20 | 20.1
Dodging        | 3 4 5 6 8 9 10 | 10.2
Stealth        | 1 2 |  2.5
Shields        | 2 5 |  5.6

Action                   |  1- 3 |  4- 6 |  7- 9 | 10-12 | 13-15 || total
-------------------------+-------+-------+-------+-------+-------++-------
Melee: Hand axe          |     7 |    14 |    54 |    11 |       ||    86
       Headbutt          |       |     1 |    12 |    25 |     1 ||    39
       Punch             |       |     1 |     2 |       |       ||     3
       Battleaxe         |       |       |       |   128 |     8 ||   136
Invok: Berserk           |     2 |     2 |     6 |     7 |     1 ||    18
       Brothers in Arms  |       |       |       |     1 |       ||     1
       Trog's Hand       |       |       |       |     1 |       ||     1
Evoke: Tin of tremorston |       |       |       |       |     2 ||     2
       Wand              |       |       |       |       |     1 ||     1
  Use: Scroll            |       |       |     2 |     3 |       ||     5
       Potion            |       |       |       |     4 |       ||     4
Armor: Ring mail         |       |     3 |    13 |       |       ||    16
       Chain mail        |       |       |     7 |   115 |       ||   122
       Gold dragon scale |       |       |       |    75 |     2 ||    77
Dodge: Dodged            |     3 |     6 |    20 |    79 |       ||   108
Block: Other             |       |       |       |    18 |       ||    18
